 Dungeon Crawl Stone Soup version 0.19-a0-630-g098d46c (webtiles) character file.

18112 shmeve the Fighter (level 12, -3/116 HPs)
             Began as a Minotaur Berserker on June 13, 2016.
             Was a High Priest of Trog.
             Slain by an elephant (7 damage)
             ... on level 1 of the Lair of Beasts on June 14, 2016.
             The game lasted 00:26:58 (10944 turns).

shmeve the Fighter (Minotaur Berserker)            Turns: 10944, Time: 00:27:00

Health: -3/116     AC: 18    Str: 25    XL:     12   Next: 24%
Magic:  20/20      EV: 11    Int:  8    God:    Trog [*****.]
Gold:   527        SH:  0    Dex: 12    Spells: 0 memorised, 11 levels left

rFire  + + .     SeeInvis +     O - +0 battleaxe
rCold  + . .     Gourm    .     f - +0 plate armour
rNeg   . . .     Faith    .     (shield currently unavailable)
rPois  .         Spirit   .     (helmet restricted)
rElec  .         Dismiss  .     P - +0 cloak
rCorr  .         Reflect  .     u - +0 pair of gloves
SustAt .         Harm     .     k - +0 pair of boots
MR     .....                    (no amulet)
Stlth  ..........               X - ring of Ascent {rF+ rC+ MP+9 Int+4 SInv}
                                e - ring of protection from fire

@: exhausted, slowed, very slow, not resistant to hostile enchantments,
extremely unstealthy
A: retaliatory headbutt, horns 2
a: Berserk, Trog's Hand, Brothers in Arms, Burn Spellbooks, Renounce Religion


You were on level 1 of the Lair of Beasts.
You worshipped Trog.
Trog was extremely pleased with you.
You were near starving.

You visited 2 branches of the dungeon, and saw 12 of its levels.
You also visited: Ossuary.

You collected 663 gold pieces.
You spent 136 gold pieces at shops.

Inventory:

Hand Weapons
 m - a +0 war axe
 E - a +0 greatsling
 O - a +0 battleaxe (weapon)
Missiles
 p - 182 sling bullets
Armour
 f - a +0 plate armour (worn)
 k - a +0 pair of boots (worn)
 u - a +0 pair of gloves (worn)
 P - a +0 cloak (worn)
Jewellery
 e - a ring of protection from fire (left hand)
 X - the ring of Ascent (right hand) {rF+ rC+ MP+9 Int+4 SInv}
   (You found it on level 1 of the Lair of Beasts)

   [ring of magical power]

   It affects your intelligence (+4).
   It protects you from fire.
   It protects you from cold.
   It affects your magic capacity (+9).
   It lets you see invisible.
Wands
 A - a wand of paralysis (4/24)
 D - a wand of paralysis (11/24)
 I - a wand of confusion (23/48)
 L - a wand of acid (12/15)
 R - a wand of acid (8/15)
 V - a wand of confusion (21/48)
Scrolls
 a - 5 scrolls of amnesia {unknown}
 b - 2 scrolls of random uselessness {unknown}
 d - 8 scrolls of remove curse {unknown}
 l - 13 scrolls of identify
 o - 2 scrolls of teleportation {unknown}
 r - 4 scrolls of enchant armour {unknown}
 v - 2 scrolls of noise {unknown}
 w - 2 scrolls of recharging {unknown}
 y - a scroll of blinking {unknown}
 F - 3 scrolls of fear {unknown}
 K - a scroll of silence {unknown}
 Q - 2 scrolls of enchant weapon {unknown}
 S - 2 scrolls of magic mapping {unknown}
 U - 2 scrolls of vulnerability {unknown}
 W - a scroll of fog {unknown}
Potions
 h - 8 potions of curing
 i - a potion of flight {unknown}
 j - 3 potions of brilliance {unknown}
 n - 3 potions of ambrosia {unknown}
 s - a potion of magic {unknown}
 t - 2 potions of lignification {unknown}
 x - 2 potions of resistance {unknown}
 C - a potion of berserk rage {unknown}
 G - 2 potions of haste {unknown}
 H - a potion of agility {unknown}
 T - a potion of cancellation {unknown}
Comestibles
 c - 9 bread rations
 g - 6 meat rations
 z - 4 fruits
 B - 3 royal jellies
 J - a chunk of flesh
 M - 3 beef jerkies
 N - 8 slices of pizza


   Skills:
 * Level 13.7 Fighting
 * Level 13.3 Axes
 + Level 6.6 Slings
 + Level 9.4 Armour
 + Level 9.1 Dodging


You had 11 spell levels left.
You didn't know any spells.

Dungeon Overview and Level Annotations

Branches:
Dungeon (11/15)            Temple (0/1) D:4            Lair (1/6) D:11
    Orc (0/2) D:10

Altars:
Ashenzari
Fedhas
Gozag
Makhleb
Nemelex Xobeh
Okawaru
Pakellas
Qazlal
Ru
Sif Muna
Trog
The Shining One

Shops:
D:2 }   D:9 !*


Innate Abilities, Weirdness & Mutations

You reflexively headbutt those who attack you in melee.
You have a pair of horns on your head.


Message History

Your iron troll bites the elephant!
Your iron troll claws the elephant!!
The elephant dies!
Trog accepts your kill.
The spriggan hits you but does no damage.
The elephant tramples you!
* * * LOW HITPOINT WARNING * * *
You stumble backwards!
You hit the elephant but do no damage.
You headbutt the elephant, but do no damage.
The elephant is heavily wounded.
You slash the fungus!
The fungus is severely damaged.
You slash the fungus!
The fungus is heavily damaged.
You slash the fungus!
The fungus is heavily damaged.
The spriggan barely misses you.
Your iron troll rages.
The elephant tramples you!
You die...

###..............................
##.........♣♣♣♣♣♣♣♣♣♣♣♣..........
##......♣♣♣P♣P♣PP♣♣♣P♣♣♣........
##.....♣♣♣♣♣PPPPPPPP♣P♣♣♣.....#P
#.....♣♣♣♣PPP...PPPPPP♣♣♣♣....##
##....♣ ♣PP.P.....P.PPP♣P♣......
# #...♣♣ PP.P....÷..(..PPP♣♣...†.
###..♣♣ P......Yi.†...PPPP♣♣....
.#...♣ P...÷÷.@Y.÷†..PPP♣P♣....
..#..♣ .P.÷..PPP.T.†..PPP♣♣....
#....♣ ....÷.P≈PP†......P♣♣....
##...♣ P...÷÷..≈PP..÷....PP♣....
#....♣ ..÷.÷...≈≈P÷†.....PP♣....
.....♣ P..÷...≈≈≈P..†÷...P♣♣....
.....♣ P..÷...≈≈≈P..÷÷...P♣♣....
.....♣ .P......≈≈P.†.....PP♣....
.....♣ P........≈P.÷÷.P.PP♣♣....


You could see a dire elephant, an elephant, a spriggan and a friendly iron troll
(berserk).

Vanquished Creatures
  Erica (D:11)
  Nergalle (D:11)
  A flayed ghost (D:11)
  Maurice (D:8)
  A black mamba (Lair:1)
  11 elephants (Lair:1)
  A spiny frog (Lair:1)
  A komodo dragon (Lair:1)
  2 trolls
  Grinder (D:3)
  2 two-headed ogres
  A human (D:7)
  A shadow (D:10)
  8 yaks
  A hog (D:7)
  A wyvern (D:11)
  A basilisk (Lair:1)
  A hippogriff (D:7)
  3 hungry ghosts
  2 wargs (D:11)
  2 porcupines (Lair:1)
  2 water moccasins
  4 orc warriors
  3 ice beasts
  Purgy (D:3)
  4 black bears
  4 phantoms
  A wasp (D:8)
  3 sky beasts
  2 necrophages (D:10)
  4 ogres
  2 eyes of draining
  4 centaurs
  A crocodile (D:9)
  A big kobold (D:10)
  4 giant frogs
  A gnoll sergeant (D:8)
  2 water moccasin zombies (Ossuary)
  2 scorpions
  The ghost of wtfo the Skirmisher, a weakling HOWz (D:3)
  5 killer bees (D:9)
  15 wights
  2 howler monkeys
  4 lava snakes (D:11)
  2 crimson imps
  3 giant frog zombies
  A quasit (D:9)
  7 hounds
  2 jellies (D:10)
  2 giant frog skeletons
  3 orc priests
  3 centaur skeletons
  Jessica (D:2)
  An iguana (D:11)
  5 orc wizards
  9 worker ants
  3 sheep (D:7)
  A big kobold zombie (Ossuary)
  2 mummies (Ossuary)
  2 howler monkey zombies
  2 worker ant zombies
  Robin (D:3)
  11 gnolls
  9 river rats (Lair:1)
  11 adders
  2 shadow imps
  2 oozes
  9 adder zombies
  4 worms
  7 dart slugs
  7 giant geckos
  29 orcs
  4 giant cockroaches
  13 goblins
  12 hobgoblins
  6 jackals
  3 quokkas
  2 ball pythons
  8 bats
  2 giant gecko skeletons
  6 giant newts
  3 gnoll zombies (Ossuary)
  5 hobgoblin zombies (Ossuary)
  7 kobolds
  5 kobold zombies (Ossuary)
  6 orc zombies (Ossuary)
  A quokka skeleton (D:4)
  2 quokka zombies
  11 rats
  2 fungi (Lair:1)
  A plant (D:11)
356 creatures vanquished.

Vanquished Creatures (collateral kills)
  3 elephants (Lair:1)
3 creatures vanquished.

Vanquished Creatures (others)
  A fungus (Lair:1)
1 creature vanquished.

Grand Total: 360 creatures vanquished

Notes
Turn   | Place    | Note
--------------------------------------------------------------
     0 | D:1      | shmeve the Minotaur Berserker began the quest for the Orb.
     0 | D:1      | Reached XP level 1. HP: 19/19 MP: 0/0
    72 | D:1      | Reached XP level 2. HP: 14/27 MP: 1/1
   557 | D:1      | Reached ** piety under Trog
   696 | D:1      | Reached XP level 3. HP: 25/33 MP: 2/2
  1231 | D:2      | Found a blossoming altar of Fedhas.
  1286 | D:2      | Noticed Jessica
  1298 | D:2      | Killed Jessica
  1298 | D:2      | Reached XP level 4. HP: 40/41 MP: 3/3
  1629 | D:2      | Found an oddly glowing altar of Pakellas.
  1629 | D:2      | Found Pakellas's Prime Provisions.
  1799 | D:3      | Noticed wtfo's ghost (weakling HOWz)
  1806 | D:3      | Killed wtfo's ghost
  1806 | D:3      | Reached skill level 5 in Fighting
  1806 | D:3      | Reached skill level 5 in Axes
  1806 | D:3      | Reached XP level 5. HP: 48/48 MP: 4/4
  1868 | D:3      | Reached *** piety under Trog
  2107 | D:3      | Noticed Purgy
  2111 | D:3      | Killed Purgy
  2152 | D:3      | Noticed Robin
  2154 | D:3      | Reached XP level 6. HP: 55/56 MP: 5/5
  2167 | D:3      | Killed Robin
  2257 | D:3      | Noticed Grinder
  2266 | D:3      | Paralysed by Grinder for 2 turns
  2270 | D:3      | Killed Grinder
  2653 | D:3      | Reached XP level 7. HP: 60/63 MP: 6/6
  2781 | D:4      | Found a staircase to the Ecumenical Temple.
  3083 | D:4      | Found a sand-covered staircase.
  3095 | Ossuary  | Entered an ossuary
  3301 | D:4      | Reached skill level 5 in Armour
  3301 | D:4      | Reached XP level 8. HP: 70/73 MP: 7/7
  3400 | D:5      | Entered Level 5 of the Dungeon
  3445 | D:5      | Found a deep blue altar of Sif Muna.
  3525 | D:5      | Found a bloodstained altar of Trog.
  4010 | D:5      | Reached skill level 5 in Dodging
  4252 | D:5      | Found a sparkling altar of Nemelex Xobeh.
  4288 | D:5      | Reached **** piety under Trog
  4830 | D:6      | Found a burning altar of Makhleb.
  4896 | D:6      | Found a bloodstained altar of Trog.
  4896 | D:6      | Found a stormy altar of Qazlal.
  5178 | D:6      | Reached XP level 9. HP: 83/83 MP: 8/8
  5335 | D:6      | Found a shattered altar of Ashenzari.
  5337 | D:6      | Found a glowing golden altar of the Shining One.
  5338 | D:6      | Found a sacrificial altar of Ru.
  5354 | D:6      | Found an iron altar of Okawaru.
  5503 | D:7      | Reached skill level 1 in Slings
  5909 | D:7      | Found a deep blue altar of Sif Muna.
  6207 | D:7      | Reached skill level 10 in Fighting
  6260 | D:8      | Reached skill level 10 in Axes
  6309 | D:8      | Found a sacrificial altar of Ru.
  6582 | D:8      | Reached XP level 10. HP: 77/94 MP: 9/9
  6747 | D:8      | Noticed Maurice
  6754 | D:8      | Killed Maurice
  7411 | D:9      | Reached ***** piety under Trog
  7482 | D:9      | Found Rebbeatu's General Store.
  7488 | D:9      | Found Leent's Distillery.
  7494 | D:9      | Bought a scroll of identify for 32 gold pieces
  7510 | D:9      | Bought a potion of heal wounds for 65 gold pieces
  7510 | D:9      | Bought a potion of curing for 39 gold pieces
  7817 | D:9      | Received a gift from Trog
  8253 | D:10     | Entered Level 10 of the Dungeon
  8386 | D:10     | Found a staircase to the Orcish Mines.
  8530 | D:10     | Found an opulent altar of Gozag.
  8885 | D:11     | Noticed Nergalle
  8965 | D:11     | Found a staircase to the Lair.
  8977 | D:11     | Reached XP level 11. HP: 101/103 MP: 10/10
  9055 | D:11     | Noticed a flayed ghost
  9066 | D:11     | Reached skill level 5 in Slings
  9078 | D:11     | Noticed Erica
  9087 | D:11     | Killed Erica
  9391 | D:11     | Killed a flayed ghost
  9593 | D:11     | Killed Nergalle
  9915 | Lair:1   | Entered Level 1 of the Lair of Beasts
 10293 | Lair:1   | Got a clouded iron ring
 10334 | Lair:1   | Identified the ring of Ascent {rF+ rC+ MP+9 Int+4 SInv} (You found it on level 1 of the Lair of Beasts)
 10353 | Lair:1   | Received a gift from Trog
 10829 | Lair:1   | Reached XP level 12. HP: 90/114 MP: 11/11
 10919 | Lair:1   | Noticed a dire elephant
 10943 | Lair:1   | HP: 4/116 [elephant (12)]
 10944 | Lair:1   | Slain by an elephant

Vault maps used:
D:1:      dpeg_arrival_tiny_k
D:2:      fedhas_altar_2, johnstein_pakellas_shop, uniq_jessica
D:3:      uniq_robin, uniq_grinder, uniq_purgy
D:4:      temple_doors_a, first_bread, nicolae_ossuary_entry_monument,
          patterned_corridor
D:5:      led_sif_book, nemelex_xobeh_ov_fountains_minmay,
          minmay_strange_pillars, trog_hazing_becter
D:6:      nicolae_overflow_quartered_altars, gammafunk_temple_overflow_statue,
          bloody_makhleb
D:7:      basic_altar, grunt_livestock
D:8:      hangedman_ru_absence, uniq_maurice
D:9:      serial_shops, shop, shop
D:10:     orc_0_dummy, kennysheep_nondescript, grunt_gozag_breadcrumbs
D:11:     erik_lair_orcish_takeover, kennysheep_island_fort, uniq_nergalle,
          uniq_erica
Lair:1:   mu_elephants_graveyard
Ossuary:  ossuary_tomb_2

Skill      XL: |  1  2  3  4  5  6  7  8  9 10 11 12 |
---------------+-------------------------------------+-----
Fighting       | 4 5 6 7 9 10 11 13 | 13.7
Axes           | 4 5 6 7 9 10 11 13 | 13.3
Armour         | 3 4 5 7 8 9 |  9.4
Dodging        | 3 4 5 6 7 8 9 |  9.1
Slings         | 3 4 6 |  6.6

Action                   |  1- 3 |  4- 6 |  7- 9 | 10-12 || total
-------------------------+-------+-------+-------+-------++-------
Melee: Hand axe          |    74 |    60 |       |       ||   134
       Headbutt          |    12 |    18 |    81 |    91 ||   202
       War axe           |       |    33 |   386 |     3 ||   422
       Battleaxe         |       |       |       |   437 ||   437
Invok: Berserk           |       |     3 |     2 |     5 ||    10
       Burn Spellbooks   |       |     1 |     1 |     1 ||     3
       Trog's Hand       |       |     1 |       |     1 ||     2
       Brothers in Arms  |       |       |       |     1 ||     1
  Use: Potion            |       |       |       |     4 ||     4
 Stab: Sleeping          |     1 |       |       |       ||     1
  Eat: Chunk             |     1 |     8 |    16 |    20 ||    45
       Pizza             |       |       |     1 |       ||     1
       Fruit             |       |       |       |     4 ||     4
Armor: Animal skin       |    10 |       |       |       ||    10
       Plate armour      |     8 |    47 |   313 |   404 ||   772
Dodge: Dodged            |    48 |    36 |   174 |   287 ||   545
